 Dungeon Crawl Stone Soup version 0.26-a0-572-g753d7e3450 (webtiles) character file.

Game seed: 6474706489372494409

(classic levelgen) 14 EnegeticOcto the Chopper (level 2, -4/27 HPs)
             Began as a Deep Dwarf Fighter on Aug 21, 2020.
             Slain by Grinder (7 damage)
             ... while paralysed by Grinder
             ... on level 5 of the Dungeon.
             The game lasted 00:00:59 (178 turns).

EnegeticOcto the Chopper (Deep Dwarf Fighter)        Turns: 178, Time: 00:01:00

Health: -4/27      AC:  9    Str: 19    XL:     2   Next: 31%
Magic:  2/2        EV:  2    Int:  8    God:
Gold:   18         SH:  0    Dex: 12    Spells: 1/1 levels left

rFire    . . .     SeeInvis .   a - +0 war axe
rCold    . . .     Faith    .   c - +0 kite shield
rNeg     . . .     Spirit   .   h - +0 chain mail
rPois    .         Reflect  .   (no helmet)
rElec    .         Harm     .   (no cloak)
rCorr    .                      (no gloves)
MR       .....                  (no boots)
Stlth    ..........             (no amulet)
HPRegen  0.00/turn              (no ring)
MPRegen  0.08/turn              (no ring)

@: paralysed, non-regenerating
A: damage resistance, heal wounds, sense surroundings 1, no regeneration
a: Heal Wounds


You were on level 5 of the Dungeon.
You visited 1 branch of the dungeon, and saw 4 of its levels.

You collected 18 gold pieces.

Inventory:

Hand Weapons
 a - a +0 war axe (weapon)
Armour
 b - a +0 scale mail
 c - a +0 kite shield (worn)
 h - a +0 chain mail (worn)
Scrolls
 e - a scroll of magic mapping {unknown}
Potions
 d - a potion of might {@q3 !q}
 f - a potion of stabbing {unknown}
 g - 2 potions of curing {unknown}
 i - a potion of lignification {unknown}


   Skills:
 - Level 2.6 Fighting
 + Level 3.3 Axes
 - Level 3.2 Armour
 - Level 3.2 Shields


You had one spell level left.
You didn't know any spells.
Your spell library was empty.

Dungeon Overview and Level Annotations

Branches:
Dungeon (3/15)

Altars:

Annotations:
D:5 Grinder


Innate Abilities, Weirdness & Mutations

You are resistant to damage.
You can heal yourself by infusing magical energy.
You passively map a small area around you.
You do not regenerate.


Message History

The giant cockroach bites you but does no damage.
The giant cockroach barely misses you.
You hit the giant cockroach.
The giant cockroach is moderately wounded.
The giant cockroach bites you but does no damage. x2
You hit the giant cockroach but do no damage.
The giant cockroach is moderately wounded.
The giant cockroach bites you but does no damage.
You slash the giant cockroach!
You kill the giant cockroach!
No target in view!
A ball python comes into view.
The ball python hisses angrily.
You see here a coppery potion.
You see here a coppery potion.
g - 2 coppery potions (gained 1)
The ball python bites you but does no damage.
The ball python grabs you. The ball python constricts you.
You barely miss the ball python. You block the ball python's attack.
The ball python constricts you.
The ball python bites you but does no damage.
The ball python constricts you.
You hit the ball python.
The ball python is severely wounded.
You block the ball python's attack. The ball python constricts you.
You barely miss the ball python.
The ball python is severely wounded.
The ball python bites you but does no damage.
The ball python constricts you.
The ball python bites you but does no damage.
The ball python constricts you.
You closely miss the ball python.
The ball python is severely wounded.
The ball python bites you but does no damage.
The ball python constricts you. You block the ball python's attack.
The ball python constricts you.
Your chain mail prevents you from hitting the ball python.
The ball python is severely wounded.
You block the ball python's attack. The ball python constricts you.
The ball python bites you but does no damage.
The ball python constricts you.
You hit the ball python.
You kill the ball python!
A gnoll comes into view. It is wielding a +0 whip.
The gnoll shouts!
The gnoll moves out of view.
A gnoll comes into view. It is wielding a +4 flail.
A gnoll comes into view. It is wielding a +0 halberd.
The gnoll shouts! x2
The gnoll throws a throwing net.
The throwing net hits you.
You become entangled in the net!
You see here a throwing net {!f}.
You struggle against the net.
You struggle against the net.
The gnoll hits you from afar with a +0 halberd.
You struggle against the net.
You struggle against the net.
The gnoll hits you from afar with a +0 halberd!
You rip the net and break free!
The gnoll hits you from afar with a +0 halberd.
You fall into a shaft and drop 2 floors!
The shaft crumbles and collapses.
Found a dagger.
A hound zombie comes into view.
You feel much better.
The hound zombie bites you but does no damage.
You block the hound zombie's attack.
The hound zombie bites you but does no damage.
Found an emerald potion.
Found an escape hatch in the floor.
You see here an emerald potion.
i - an emerald potion The hound zombie bites you.
You block the hound zombie's attack.
Grinder comes into view.
An ice beast comes into view.
Grinder gestures at you. You resist with significant effort.
You slash the hound zombie!
The hound zombie is heavily damaged.
You block the hound zombie's attack. x2
The hound zombie barely misses you.
Grinder blinks!
Found 20 gold pieces.
Found a stone staircase leading down.
You completely miss the hound zombie.
The hound zombie is heavily damaged.
The hound zombie bites you.
You hit Grinder.
Grinder is lightly wounded.
Grinder completely misses you.
You slash Grinder!
Grinder is moderately wounded.
Grinder gestures at you.
You suddenly lose the ability to move!
Grinder hits you!
You writhe in agony.
Grinder hits you. Grinder hits you.
You writhe in agony.
* * * LOW HITPOINT WARNING * * *
Grinder hits you.
* * * LOW HITPOINT WARNING * * *
Grinder says, "FISH!"
Grinder hits you!
You die...

, , * * # .## *
, * #> .., , , *
*.# $##.. * *
...## ...* #
#.#..,#.. * ...
#.... #.####...#
* #....##Y5@...#
, .......Z######
, ####....# , ,
#.#..# *#,#..#
#.##.#..# #
#.......#####.#
,..............#
####.#.......##


You could see Grinder, an ice beast and a hound zombie.

Vanquished Creatures
  An adder (D:2)
  A giant cockroach (D:3)
  A hobgoblin (D:1)
  A ball python (D:3)
  2 rats (D:1)
6 creatures vanquished.

Notes
Turn   | Place    | Note
-------+----------+-------------------------------------------
     0 | D:1      | EnegeticOcto the Deep Dwarf Fighter began the quest for the
                  | Orb.
     0 | D:1      | Reached XP level 1. HP: 20/20 MP: 1/1
   104 | D:2      | Reached skill level 3 in Axes
   104 | D:2      | Reached XP level 2. HP: 27/27 MP: 2/2
   157 | D:3      | You fall into a shaft and drop 2 floors!
   157 | D:5      | Entered Level 5 of the Dungeon
   165 | D:5      | Noticed Grinder
   166 | D:5      | Noticed an ice beast
   173 | D:5      | Paralysed by Grinder for 7 turns
   178 | D:5      | Slain by Grinder

Illustrated notes

Levels and vault maps discovered:
D:1:      elethiomel_arrival_shortcut, layout_loops_ring
D:2:      layout_basic, hangedman_glass_teeth
D:3:      layout_basic, nicolae_overflow_quartered_altars, minmay_pentomino_pile
D:5:      layout_rooms, gammafunk_temple_overflow_elements, serial_shops,
          nicolae_shop_crystal, uniq_grinder

Skill      XL: |  1 |
---------------+----+-----
Axes           | 3 |  3.3
Fighting       | |  2.6
Armour         | |  3.2
Shields        | |  3.2

Action                   || total
-------------------------++-------
Melee: War axe           ||    24
 Abil: Heal Wounds       ||     1
Armor: Scale mail        ||     5
       Chain mail        ||    12
Dodge: Dodged            ||    12
Block: Kite shield       ||    16

Table legend: (Time is in decaauts)
 A = Elapsed time spent in this place.
 B = Non-inter-level travel time spent in this place.
 C = Inter-level travel time spent in this place.
 D = Time resting spent in this place.
 E = Time spent auto-exploring this place.
 F = Levels seen in this place.
 G = Mean time per level.
                   A        B        C        D        E       F      G
               +--------+--------+--------+--------+--------+-----+--------+
         Total |    188 |    178 |     10 |      0 |      0 |   4 |   47.0 |
       Dungeon |    188 |    178 |     10 |      0 |      0 |   4 |   47.0 |
               +--------+--------+--------+--------+--------+-----+--------+

Top non-repeatable levels by time:
     D:2: 83 daAuts
     D:1: 43 daAuts
     D:3: 38 daAuts
     D:5: 22 daAuts
